 Dungeon Crawl Stone Soup version 0.19.5 (webtiles) character file.

103 tidbits the Slasher (level 4, -4/31 HPs)
             Began as a High Elf Wanderer on Oct 28, 2017.
             Slain by a gnoll
             ... wielding a +0 flail
              (9 damage)
             ... on level 2 of the Dungeon.
             The game lasted 00:08:23 (1004 turns).

tidbits the Slasher (High Elf Wanderer)             Turns: 1004, Time: 00:08:23

Health: -4/31      AC:  5    Str: 13    XL:     4   Next: 51%
Magic:  5/5        EV: 11    Int: 15    God:
Gold:   80         SH:  0    Dex: 14    Spells: 0 memorised, 3 levels left

rFire  . . .     SeeInvis .     a - +2 falchion
rCold  . . .     Gourm    .     B - +0 ring mail
rNeg   . . .     Faith    .     (no shield)
rPois  .         Spirit   .     (no helmet)
rElec  .         Reflect  .     (no cloak)
rCorr  .         Harm     .     (no gloves)
MR     .....                    (no boots)
Stlth  ++........               (no amulet)
                                (no ring)
                                (no ring)

@: no status effects
A: no striking features
a: no special abilities


You were on level 2 of the Dungeon.
You were hungry.

You visited 1 branch of the dungeon, and saw 3 of its levels.

You collected 80 gold pieces.

Inventory:

Hand Weapons
 a - a +2 falchion (weapon)
 e - a +0 dagger
Missiles
 s - 20 stones (quivered)
Armour
 d - a +0 robe
 B - a +0 ring mail (worn)
   (You found it on level 1 of the Dungeon)
Scrolls
 h - 2 scrolls of remove curse {unknown}
 i - 2 scrolls of teleportation {unknown}
 m - a scroll of identify {unknown}
 o - a scroll of recharging {unknown}
 q - a scroll of magic mapping {unknown}
Potions
 b - a potion of curing
 j - a potion of brilliance {unknown}
 l - a potion of mutation {unknown}
 n - a potion of flight
 p - a potion of ambrosia {unknown}
 r - a potion of cancellation {unknown}
Comestibles
 f - 4 bread rations
 g - 3 meat rations
 k - 2 slices of pizza


   Skills:
 - Level 3.0 Fighting
 + Level 5.3 Long Blades
 - Level 2.1 Dodging
 - Level 3.2 Stealth
   Level 1.0 Shields


You had 3 spell levels left.
You didn't know any spells.

Dungeon Overview and Level Annotations

Branches:
Dungeon (3/15)

Altars:
Fedhas
Zin


Message History

The worm bites you!
* * * LOW HITPOINT WARNING * * *
You slash the worm!
The worm is almost dead.
You hit the worm.
You kill the worm!
You see here 24 stones.
s - 24 stones You see here a bread ration.
f - 4 bread rations (gained 1) Throwing (i - inventory):
s - 24 stones (quivered)
Press: ? - help, Shift-Dir - straight line, f - gnoll
Aim: a gnoll, wielding a spear You throw a stone.
The stone hits the gnoll.
The gnoll is lightly wounded.
Throwing (i - inventory):
s - 23 stones (quivered)
Press: ? - help, Shift-Dir - straight line, f/p - gnoll
Aim: a gnoll, wielding a spear (lightly wounded)
You throw a stone.
The stone hits the gnoll but does no damage.
The gnoll is lightly wounded.
Throwing (i - inventory):
s - 22 stones (quivered)
Press: ? - help, Shift-Dir - straight line, f/p - gnoll
Aim: a gnoll, wielding a spear (lightly wounded)
You throw a stone. The stone hits the gnoll.
The gnoll is moderately wounded.
The gnoll hits you with a spear!
* * * LOW HITPOINT WARNING * * *
You hit the gnoll but do no damage.
The gnoll is moderately wounded.
The gnoll hits you with a spear!
* * * LOW HITPOINT WARNING * * *
It was a potion of flight.
You feel very buoyant.
You fly up into the air.
The gnoll hits you but does no damage.
You feel better. The gnoll hits you with a spear.
* * * LOW HITPOINT WARNING * * *
You turn into a tree.
Your +0 ring mail melds into your body.
Your roots penetrate the ground.
The gnoll hits you but does no damage.
You hit the gnoll but do no damage.
The gnoll is moderately wounded.
The gnoll completely misses you.
You hit the gnoll.
The gnoll is severely wounded.
The gnoll hits you but does no damage.
You hit the gnoll.
The gnoll is severely wounded.
The gnoll hits you but does no damage.
You hit the gnoll.
You kill the gnoll!
Wield which item (- for none, * to show all)? (? for menu, Esc to quit)
f - 4 bread rations (in branch)
You swing at nothing.
Your transformation is almost over.
You swing at nothing.
You swing at nothing.
You swing at nothing.
You swing at nothing.
You swing at nothing.
You swing at nothing.
You feel less woody.
Your +0 ring mail unmelds from your body.
Wield which item (- for none, * to show all)? (? for menu, Esc to quit)
a - a +2 falchion (weapon)
Things that are here:
a spear; a gnoll corpse You see here a stone. 2 gnolls come into view.
The gnoll shouts!
You see here a stone.
The gnoll shouts!
You see here a stone.
Things that are here:
a spear; a gnoll corpse Throwing (i - inventory):
s - 21 stones (quivered)
Press: ? - help, Shift-Dir - straight line, f - gnoll
Aim: a gnoll, wielding a spear You throw a stone.
The stone hits the gnoll but does no damage.
The gnoll barely misses you.
Things that are here:
a spear; a gnoll corpse The gnoll barely misses you.
You see here a stone.
You hit the gnoll.
The gnoll is moderately wounded.
The gnoll closely misses you. The gnoll hits you with a spear.
* * * LOW HITPOINT WARNING * * *
You hit the gnoll.
The gnoll is severely wounded.
The gnoll barely misses you.
You hit the gnoll.
The gnoll is almost dead.
The gnoll hits you with a spear.
* * * LOW HITPOINT WARNING * * *
You hit the gnoll.
You kill the gnoll!
Your ring mail prevents you from hitting the gnoll.
The gnoll hits you with a flail!
You die...

#.###.####..# . #†##....# ##
#.##.##.# ######.##.##.#
#............# ###
#.....###.#.## ... #.....#
#....## ..#
#.....###.[...#####..#
#.....##.......)@g(.##[....##
##..#####.....#####.#...)...##
#.## ##...## ...._?... ##.#
##.## ?...... ...########.#
..... #........##.# ...
#...####.##.###### ###.#
............<....#####.#.##
#>#.####.#.#####.##....†.)#


You could see a gnoll.

Vanquished Creatures
  A crimson imp (D:2)
  2 gnolls (D:2)
  3 worms (D:2)
  5 bats
  5 giant cockroaches
  4 hobgoblins
  4 jackals (D:2)
  A frilled lizard (D:1)
  6 goblins
  5 kobolds (D:2)
  6 rats
42 creatures vanquished.

Notes
Turn   | Place    | Note
-------+----------+-------------------------------------------
     0 | D:1      | tidbits the High Elf Wanderer began the quest for the Orb.
     0 | D:1      | tidbits set off with: a +2 falchion, a potion of curing, a potion of lignification, a +0 robe, a +0 dagger, a bread ration
     0 | D:1      | Reached XP level 1. HP: 16/16 MP: 2/2
    19 | D:2      | Found a blossoming altar of Fedhas.
    24 | D:2      | Reached skill level 2 in Long Blades
   145 | D:1      | Reached XP level 2. HP: 15/21 MP: 3/3
   424 | D:1      | Reached skill level 3 in Long Blades
   591 | D:3      | Noticed a crimson imp
   611 | D:2      | Killed a crimson imp
   611 | D:2      | Reached skill level 4 in Long Blades
   611 | D:2      | Reached XP level 3. HP: 18/26 MP: 4/4
   645 | D:2      | HP: 1/26 [worm (5)]
   648 | D:2      | Reached XP level 4. HP: 2/31 MP: 5/5
   872 | D:2      | Found a glowing silver altar of Zin.
   927 | D:2      | Reached skill level 5 in Long Blades
   974 | D:2      | HP: 3/31 [gnoll/spear (8)]
  1004 | D:2      | Slain by a gnoll

Skill      XL: |  1  2  3  4 |
---------------+-------------+-----
Long Blades    | 2 4 5 |  5.3
Fighting       | |  3.0
Dodging        | |  2.1
Stealth        | |  3.2
Shields        | |  1.0

Action                   |  1- 3 |  4- 6 || total
-------------------------+-------+-------++-------
Melee: Falchion          |    82 |    49 ||   131
Throw: Stone             |       |     4 ||     4
  Use: Potion            |       |     3 ||     3
 Stab: Sleeping          |     4 |     2 ||     6
Armor: Robe              |     4 |       ||     4
       Ring mail         |    17 |    11 ||    28
       Skin              |       |     3 ||     3
Dodge: Dodged            |    51 |    21 ||    72
       Rpst.: Falchion   |    17 |     5 ||    22

Table legend:
 A = Turns spent in this place as a percentage of turns spent in the entire game.
 B = Non-inter-level travel turns spent in this place as a percentage of non-inter-level travel turns spent in the entire game.
 C = Inter-level travel turns spent in this place as a percentage of turns spent in this place.
 D = Turns resting spent in this place as a percentage of non-inter-level travel turns spent in this place.
 E = Turns spent auto-exploring this place as a percentage of non-inter-level travel turns spent in this place.
 F = Non-inter-level travel turns spent in this place divided by the number of levels of this place that you've seen.
                   A       B       C       D       E      F
               +-------+-------+-------+-------+-------+----------------------
         Total | 100.0 | 100.0 |   0.0 |   0.0 |   0.0 | 329.3
       Dungeon | 100.0 | 100.0 |   0.0 |   0.0 |   0.0 | 329.3
               +-------+-------+-------+-------+-------+----------------------

Table legend:
 A = Kills in this place as a percentage of kills in entire the game.
 B = Kills by you in this place as a percentage of kills by you in the entire game.
 C = Kills by friends in this place as a percentage of kills by friends in the entire game.
 D = Other kills in this place as a percentage of other kills in the entire game.
 E = Experience gained in this place as a percentage of experience gained in the entire game.
 F = Experience gained in this place divided by the number of levels of this place that you have seen.
                   A       B       C       D       E      F
               +-------+-------+-------+-------+-------+----------------------
         Total | 100.0 | 100.0 |  -nan |  -nan | 100.0 |  49.3
       Dungeon | 100.0 | 100.0 |  -nan |  -nan | 100.0 |  49.3
               +-------+-------+-------+-------+-------+----------------------

Vault maps used:
D:1:      dpeg_arrival_simpleton_b
D:2:      lemuel_round_altar, nicolae_overflow_hidden_temple
D:3:      old_standard_altar, serial_corexii_hall, corexii_hall_statues_l,
          corexii_hall_statues_x, corexii_hall_statues_t,
          nicolae_gozag_seed_capital, uniq_grinder
